[Event "ICC tourney 2150 (70 10)"]
[Site "Internet Chess Club"]
[Date "2020.11.21"]
[Round "3"]
[White "pangpangba"]
[Black "MariusC"]
[Result "0-1"]
[ICCResult "White checkmated"]
[WhiteElo "1651"]
[BlackElo "1815"]
[Opening "Sicilian: Najdorf, Byrne (English) attack"]
[ECO "B90"]
[NIC "SI.14"]
[Time "19:35:53"]
[TimeControl "4200+10"]

1. e4 c5 2. Nf3 d6 3. d4 cxd4 4. Nxd4 Nf6 5. Nc3 a6 6. Be3 e5 7. Nb3 Be6 8.
f3 Be7 9. Qd2 Nc6 10. Nd5 Bxd5 11. exd5 Nb8 12. O-O-O Nbd7 13. Kb1 O-O 14.
Be2 b5 15. Na5 Qc7 16. Nc6 Rfe8 17. Nxe7+ Rxe7 18. Bd3 Nc5 19. Bg5 Ncd7 20.
Bf5 Ree8 21. h4 a5 22. h5 a4 23. g4 a3 24. b3 h6 25. Bxd7 Nxd7 26. Be3 Rec8
27. g5 Qc3 28. Qxc3 Rxc3 29. Bd2 Rxf3 30. gxh6 gxh6 31. Bxh6 Nc5 32. Bg5 Ne4
33. Rdg1 Kh7 34. Bh4 Rg8 35. Rxg8 Kxg8 36. Be1 Nf6 37. Bb4 Nxd5 38. Bxa3 b4
39. Bc1 Nc3+ 40. Kb2 f5 41. h6 Kh7 42. Rg1 f4 43. Rg7+ Kxh6 44. Rd7 Nd1+ 45.
Kb1 d5 46. Bd2 Nc3+ 47. Kb2 d4 48. Rb7 Rf2 49. Bc1 d3 50. Rxb4 Rxc2+ 51. Ka1
Rxa2# {White checkmated} 0-1

[Event "ICC tourney 2150 (70 10)"]
[Site "Internet Chess Club"]
[Date "2020.11.21"]
[Round "3"]
[White "erumaimadugod"]
[Black "cprovince"]
[Result "1/2-1/2"]
[ICCResult "Game drawn by mutual agreement"]
[WhiteElo "1844"]
[BlackElo "1887"]
[Opening "French: exchange variation"]
[ECO "C01"]
[NIC "FR.01"]
[Time "19:36:00"]
[TimeControl "4200+10"]

1. e4 e6 2. d4 d5 3. exd5 exd5 4. Nf3 Nf6 5. Nc3 h6 6. Be2 Bd6 7. O-O O-O 8.
Be3 Bf5 9. Nh4 Bh7 10. f4 Re8 11. Qd2 Bb4 12. Bd3 Ne4 13. Bxe4 Bxe4 14. Nf3
Nd7 15. Ne5 f6 16. Nxd7 Qxd7 17. Rae1 Re7 18. Bf2 Rae8 19. a3 Bxc3 20. Qxc3
Re6 21. Bg3 Rc6 22. Qb3 b6 23. Rf2 f5 24. Rfe2 Rce6 25. Bh4 c5 26. dxc5 bxc5
27. Qc3 Rc8 28. Bf2 d4 29. Qc4 Kh7 30. Rd1 Rg6 31. Bg3 Rd6 32. Red2 a5 33.
a4 Bb7 34. c3 Ba6 35. Qa2 d3 36. c4 Bb7 37. Qb3 Be4 38. Qc3 Qxa4 39. b3 Qb4
40. Qxb4 axb4 41. Ra1 Rc7 42. Ra5 Kg6 43. Bf2 Rdc6 44. h3 Kf6 45. Kh2 Ke6
46. g4 Kd6 47. Kg3 Re7 48. Be3 fxg4 49. hxg4 g6 50. f5 gxf5 51. gxf5 Bxf5
52. Bf4+ Ke6 53. Rh2 Rg7+ 54. Kf2 Rg6 55. Rxh6 Rxh6 56. Bxh6 Ke5 57. Be3 Kd6
58. Bf4+ Ke6 59. Be3 Bg4 60. Ke1 Kd6 61. Bf4+ Kd7 62. Kd2 Be2 63. Be3
{Game drawn by mutual agreement}
1/2-1/2

[Event "ICC tourney 2150 (70 10)"]
[Site "Internet Chess Club"]
[Date "2020.11.21"]
[Round "3"]
[White "steve-patterson"]
[Black "FL2009"]
[Result "0-1"]
[ICCResult "White checkmated"]
[WhiteElo "1807"]
[BlackElo "1853"]
[Opening "Queen's pawn game"]
[ECO "D05"]
[NIC "QP.06"]
[Time "19:36:51"]
[TimeControl "4200+10"]

1. Nf3 Nf6 2. d4 e6 3. e3 d5 4. Bd3 Bd6 5. b3 c5 6. Bb2 O-O 7. Nbd2 b6 8.
O-O Ba6 9. c4 Nbd7 10. Qc2 Qc7 11. dxc5 bxc5 12. h3 Bb7 13. cxd5 exd5 14.
Bf5 Rfe8 15. Ng5 h6 16. Nh7 Be5 17. Nxf6+ Nxf6 18. Bxe5 Qxe5 19. Nf3 Qd6 20.
Rac1 d4 21. Rfd1 Bxf3 22. gxf3 Qb8 23. exd4 cxd4 24. Rxd4 Qe5 25. Rc4 Rad8
26. Rc7 a6 27. Qc4 Nd5 28. Bd7 Nxc7 29. Bxe8 Nxe8 30. f4 Qf5 31. Qxa6 Qxh3
32. Qc6 Qg4+ 33. Kf1 Nf6 34. b4 h5 35. b5 h4 36. b6 h3 37. b7 Rd1+ 38. Rxd1
Qxd1# {White checkmated} 0-1

[Event "ICC tourney 2150 (70 10)"]
[Site "Internet Chess Club"]
[Date "2020.11.21"]
[Round "3"]
[White "atevifred"]
[Black "Coolio9000"]
[Result "1-0"]
[ICCResult "Black resigns"]
[WhiteElo "1904"]
[BlackElo "1844"]
[Opening "Réti accepted"]
[ECO "A09"]
[NIC "RE.19"]
[Time "19:35:46"]
[TimeControl "4200+10"]

1. Nf3 d5 2. c4 dxc4 3. e3 Bg4 4. Bxc4 e6 5. O-O Nf6 6. Nc3 Nbd7 7. h3 Bh5
8. d4 Be7 9. e4 Nb6 10. Be2 O-O 11. Be3 Rc8 12. Qd3 c5 13. Rfd1 cxd4 14.
Qxd4 Qxd4 15. Bxd4 Nfd7 16. g4 Bg6 17. Ne5 Nxe5 18. Bxe5 f5 19. exf5 exf5
20. Bd6 Bxd6 21. Rxd6 fxg4 22. hxg4 Nc4 23. Rd7 Rf7 24. Rxf7 Bxf7 25. b3 Nb6
26. Nb5 a6 27. Nd6 Rc7 28. Nxf7 Kxf7 29. Bf3 Nd7 30. Bd5+ Kf6 31. f4 b6 32.
Re1 Nf8 33. Re8 Rc1+ 34. Kf2 Rc2+ 35. Ke1 Rxa2 36. Rxf8+ Ke7 37. Rf7+ Kd6
38. Bb7 a5 39. Rxg7 Ra3 40. Rxh7 Rxb3 41. g5 Rg3 42. Kf2 Rc3 43. g6 Rc2+ 44.
Kf3 Rc3+ 45. Kg4 Rc1 46. Kf5 Rc5+ 47. Kf6 Rc4 48. Rh4 Rc7 49. g7 {Black
resigns} 1-0

[Event "ICC tourney 2150 (70 10)"]
[Site "Internet Chess Club"]
[Date "2020.11.22"]
[Round "4"]
[White "Wushukyle"]
[Black "blueocean07"]
[Result "0-1"]
[ICCResult "White checkmated"]
[WhiteElo "1644"]
[BlackElo "1743"]
[Opening "Sicilian defense"]
[ECO "B20"]
[NIC "SI.48"]
[Time "12:31:43"]
[TimeControl "4200+10"]

1. e4 c5 2. a3 Nc6 3. b4 d6 4. Nf3 Bg4 5. Bc4 e6 6. h3 Bh5 7. Bb2 Nf6 8. g4
Bg6 9. e5 dxe5 10. Nxe5 Nxe5 11. Bxe5 cxb4 12. axb4 Bxb4 13. c3 Be7 14. Bxf6
Bxf6 15. Bb5+ Ke7 16. f4 Qd5 17. Rh2 Bh4+ 18. Kf1 Qxb5+ 19. Kg1 Qc5+ 20. d4
Rhd8 21. f5 Bxf5 22. gxf5 Qxf5 23. Qb3 Kf8 24. d5 Rxd5 25. Qb4+ Kg8 26. Qxh4
Rd1+ 27. Kg2 Qf1+ 28. Kg3 Rd3+ 29. Kg4 Qf5# {White checkmated} 0-1

[Event "ICC tourney 2150 (70 10)"]
[Site "Internet Chess Club"]
[Date "2020.11.22"]
[Round "4"]
[White "Priyadarsi"]
[Black "erumaimadugod"]
[Result "0-1"]
[ICCResult "White resigns"]
[WhiteElo "1705"]
[BlackElo "1846"]
[Opening "Ruy Lopez: Marshall, main line, 14...Qh3"]
[ECO "C89"]
[NIC "RL.17"]
[Time "12:32:11"]
[TimeControl "4200+10"]

1. e4 e5 2. Nf3 Nc6 3. Bb5 a6 4. Ba4 Nf6 5. O-O Be7 6. Re1 b5 7. Bb3 O-O 8.
c3 d5 9. exd5 Nxd5 10. Nxe5 Nxe5 11. Rxe5 c6 12. d4 Bd6 13. Re1 Qh4 14. g3
Qh3 15. Re4 Qf5 16. Bc2 Qf6 17. Rh4 Bf5 18. Nd2 Rfe8 19. Ne4 Qg6 20. Qf3 Re6
21. g4 Bxe4 22. Bxe4 Qxe4 23. Rh3 Qxf3 24. Rxf3 Re1+ 25. Kg2 Bf4 26. Bxf4
Nxf4+ 27. Rxf4 Rxa1 28. Rf5 Rd8 29. Rc5 Rd6 30. d5 Rxd5 31. Rxc6 g6 32. Rxa6
Rb1 33. b3 Rc1 34. Rc6 Kg7 35. a4 bxa4 36. bxa4 Ra5 37. Rc4 Ra1 38. h3 R1xa4
39. Rc7 Ra1 40. Kf3 Rc1 41. c4 Ra4 42. c5 Rac4 43. c6 Rxc6 44. Rb7 R6c3+ 45.
Kg2 R1c2 46. Rb6 Rd3 47. Rb4 Rcc3 48. h4 Rb3 49. Rf4 Rb2 50. h5 gxh5 51.
gxh5 Rd5 52. Rg4+ Kf6 53. Rf4+ Rf5 {White resigns} 0-1

[Event "ICC tourney 2150 (70 10)"]
[Site "Internet Chess Club"]
[Date "2020.11.22"]
[Round "4"]
[White "MariusC"]
[Black "SerenaE"]
[Result "1-0"]
[ICCResult "Black checkmated"]
[WhiteElo "1803"]
[BlackElo "1627"]
[Opening "Sicilian: Nimzovich-Rossolimo attack (with ...g6, without ...d6)"]
[ECO "B31"]
[NIC "SI.31"]
[Time "12:31:43"]
[TimeControl "4200+10"]

1. e4 c5 2. Nf3 Nc6 3. Bb5 g6 4. O-O Bg7 5. c3 a6 6. Bxc6 bxc6 7. d4 cxd4 8.
cxd4 Rb8 9. b3 c5 10. Bb2 d6 11. Qd2 cxd4 12. Nxd4 Bb7 13. Nc6 Bxb2 14. Nxd8
Bxa1 15. Nxb7 Rxb7 16. Nc3 Bxc3 17. Qxc3 Kd7 18. Qxh8 Nf6 19. Rc1 Rc7 20.
Rxc7+ Kxc7 21. Qa8 Kb6 22. a4 h5 23. b4 g5 24. Qd8+ Kc6 25. Qxe7 Ng4 26.
Qxg5 Ne5 27. Qxh5 Kd7 28. f4 Nd3 29. Qxf7+ Kd8 30. b5 axb5 31. axb5 Nc5 32.
b6 Kc8 33. Qc7# {Black checkmated} 1-0

[Event "ICC tourney 2150 (70 10)"]
[Site "Internet Chess Club"]
[Date "2020.11.22"]
[Round "4"]
[White "pari538"]
[Black "tidalwave09"]
[Result "0-1"]
[ICCResult "White checkmated"]
[WhiteElo "1637"]
[BlackElo "1647"]
[Opening "Sicilian: Pelikan (Lasker/Sveshnikov) variation"]
[ECO "B33"]
[NIC "SI.35"]
[Time "12:31:45"]
[TimeControl "4200+10"]

1. e4 c5 2. Nf3 Nc6 3. d4 cxd4 4. Nxd4 Nf6 5. Nc3 e5 6. Nb3 Bb4 7. f3 d5 8.
exd5 Nxd5 9. Bd2 Bxc3 10. Bxc3 Nxc3 11. Qxd8+ Kxd8 12. bxc3 Be6 13. Nc5 Bc8
14. Bc4 b6 15. Ne4 f6 16. O-O Kc7 17. Rad1 Bf5 18. Nd6 Bxc2 19. Nb5+ Kb8 20.
Rd7 a6 21. Nc7 Ra7 22. Nxa6+ Kc8 23. Rxa7 Nxa7 24. Nb4 Ba4 25. Bb3 Bxb3 26.
axb3 Nb5 27. Nd5 Kb7 28. Kf2 Kc6 29. Ne7+ Kc5 30. Nf5 g6 31. Ne3 Nxc3 32.
Rc1 Kb4 33. Ng4 Rc8 34. Nxf6 Ne4+ 35. fxe4 Rxc1 36. Nxh7 Kxb3 37. Nf8 Rc6
38. Nd7 Re6 39. Kg3 Kc4 40. Kg4 b5 41. Nf8 Rd6 42. Kg5 b4 43. Nxg6 Rxg6+ 44.
Kxg6 b3 45. h4 b2 46. g4 b1=Q 47. Kf5 Kd4 48. h5 Qxe4+ 49. Kg5 Qh7 50. h6 e4
51. Kh5 e3 52. g5 Qf7+ 53. g6 Qf5+ 54. Kh4 Qxg6 55. h7 Qxh7+ 56. Kg5 Qf7 57.
Kg4 e2 58. Kg5 e1=Q 59. Kg4 Qg1+ 60. Kh4 Qh7# {White checkmated} 0-1

[Event "ICC tourney 2150 (70 10)"]
[Site "Internet Chess Club"]
[Date "2020.11.22"]
[Round "4"]
[White "fridanavys1"]
[Black "adu711"]
[Result "0-1"]
[ICCResult "White checkmated"]
[WhiteElo "1770"]
[BlackElo "1637"]
[Opening "Réti: King's Indian attack (Barcza system)"]
[ECO "A07"]
[NIC "QP.09"]
[Time "12:31:48"]
[TimeControl "4200+10"]

1. Nf3 d5 2. g3 Nf6 3. Bg2 c5 4. O-O Nc6 5. d3 e5 6. Nbd2 Be7 7. e4 dxe4 8.
dxe4 Be6 9. c3 O-O 10. Re1 a6 11. Qc2 h6 12. h3 Qd7 13. Kh2 Rfd8 14. Bf1 b5
15. a4 Rab8 16. axb5 axb5 17. g4 c4 18. Be2 Bc5 19. Kg1 Bxg4 20. hxg4 Qxg4+
21. Kf1 Qh3+ 22. Kg1 Bxf2+ 23. Kxf2 Ng4+ 24. Kg1 Qg3+ 25. Kh1 Nf2#
{White checkmated}
0-1

[Event "ICC tourney 2150 (70 10)"]
[Site "Internet Chess Club"]
[Date "2020.11.22"]
[Round "4"]
[White "wahoo"]
[Black "tigertiger2019"]
[Result "0-1"]
[ICCResult "White checkmated"]
[WhiteElo "1745"]
[BlackElo "1702"]
[Opening "Sicilian: Najdorf"]
[ECO "B90"]
[NIC "SI.14"]
[Time "12:31:58"]
[TimeControl "4200+10"]

1. e4 c5 2. Nf3 d6 3. d4 cxd4 4. Nxd4 Nf6 5. Nc3 a6 6. Bd3 e5 7. Nf3 h6 8.
h3 Be6 9. Be3 Be7 10. Qd2 Nbd7 11. Rd1 Rc8 12. a3 b5 13. O-O Nb6 14. Bxb6
Qxb6 15. Nd5 Bxd5 16. exd5 e4 17. Bxe4 Nxe4 18. Qe2 Ng3 19. Qd3 Nxf1 20.
Rxf1 O-O 21. Nd4 Rc4 22. Nf5 Bf6 23. Qg3 Kh7 24. Nxd6 Rd4 25. Nf5 Rxd5 26.
Qf3 Qe6 27. Ne3 Rd2 28. b3 Bg5 29. Re1 Qf6 30. Qe4+ g6 31. Ng4 Qd6 32. Qf3
Rxc2 33. Ne5 Qe6 34. Nd3 Qxb3 35. Qe4 Qc4 36. Qf3 Rc3 37. Rd1 Rd8 38. Kh2
Rcxd3 39. Rxd3 Rxd3 40. Qb7 Qf4+ 41. g3 Qxf2+ 42. Qg2 Qe1 43. h4 Rd2 44.
hxg5 Rxg2+ 45. Kxg2 Qe3 46. gxh6 f5 47. a4 b4 48. a5 b3 49. g4 f4 50. g5 b2
51. Kh2 b1=R 52. Kg2 Qg3# {White checkmated} 0-1

[Event "ICC tourney 2150 (70 10)"]
[Site "Internet Chess Club"]
[Date "2020.11.22"]
[Round "4"]
[White "Coolio9000"]
[Black "VinG"]
[Result "1/2-1/2"]
[ICCResult "Game drawn by mutual agreement"]
[WhiteElo "1854"]
[BlackElo "1729"]
[Opening "Scotch gambit: Dubois-Réti defense"]
[ECO "C55"]
[NIC "KP.02"]
[Time "12:31:44"]
[TimeControl "4200+10"]

1. e4 e5 2. Nf3 Nc6 3. d4 exd4 4. Bc4 Nf6 5. e5 d5 6. Bb5 Nd7 7. O-O Be7 8.
e6 fxe6 9. Bxc6 bxc6 10. Nxd4 Ne5 11. Qh5+ Ng6 12. Nxc6 Qd6 13. Nxe7 Qxe7
14. Nc3 O-O 15. Bg5 Qb4 16. Rab1 Rf5 17. f4 Ba6 18. Rf2 Rb8 19. g4 Nxf4 20.
Rxf4 Rxf4 21. Bxf4 Qxf4 22. Qh3 Rxb2 23. Rxb2 Qc1+ 24. Nd1 Qxd1+ 25. Kf2
Qd4+ 26. Qe3 Qxb2 27. Qxe6+ Kf8 28. Qxa6 Qxc2+ 29. Kg3 Qc3+ 30. Kg2 Qd2+ 31.
Kg3 Qe3+ 32. Kg2 Qe4+ 33. Kg3 {Game drawn by mutual agreement} 1/2-1/2

[Event "ICC tourney 2150 (70 10)"]
[Site "Internet Chess Club"]
[Date "2020.11.22"]
[Round "4"]
[White "MacAndSneeze"]
[Black "Lowish-Monkey"]
[Result "0-1"]
[ICCResult "White checkmated"]
[WhiteElo "1560"]
[BlackElo "1895"]
[Opening "Sicilian: Canal-Sokolsky attack, Sokolsky variation"]
[ECO "B52"]
[NIC "SI.01"]
[Time "12:31:40"]
[TimeControl "4200+10"]

1. e4 c5 2. Nf3 d6 3. Bb5+ Bd7 4. Bxd7+ Qxd7 5. c4 Qg4 6. Nc3 Qxg2 7. Rg1
Qh3 8. Ng5 Qd7 9. Qf3 f6 10. Nh3 Nc6 11. Qh5+ Kd8 12. Nd5 Nd4 13. Qf7 Nh6
14. Qh5 g6 15. Qh4 Nf3+ 16. Ke2 Nxh4 17. d3 Qxh3 18. Bxh6 Bxh6 19. Rg3 Qxh2
20. b4 e6 21. Nxf6 Rf8 22. Ng4 Rxf2+ 23. Nxf2 Qxg3 24. e5 Qf3+ 25. Kf1 Be3
26. Re1 Qxf2# {White checkmated} 0-1

[Event "ICC tourney 2150 (70 10)"]
[Site "Internet Chess Club"]
[Date "2020.11.22"]
[Round "4"]
[White "KyleZhuang"]
[Black "Josiah729"]
[Result "0-1"]
[ICCResult "White resigns"]
[WhiteElo "1635"]
[BlackElo "1839"]
[Opening "French: Albin-Alekhine-Châtard attack, Maróczy variation"]
[ECO "C13"]
[NIC "FR.06"]
[Time "12:32:00"]
[TimeControl "4200+10"]

1. e4 e6 2. d4 d5 3. Nc3 Nf6 4. Bg5 Be7 5. e5 Nfd7 6. h4 a6 7. Qg4 f5 8. Qf4
c5 9. Nf3 Nc6 10. dxc5 Nxc5 11. Rh3 Bd7 12. Rg3 h6 13. Bxe7 Qxe7 14. h5
O-O-O 15. Nh4 Be8 16. b4 Ne4 17. Nxe4 dxe4 18. Be2 Nxb4 19. Rc3+ Kb8 20. Bc4
Bxh5 21. Rb1 g5 22. Qe3 gxh4 23. Qb6 Qd7 24. Qd6+ Qxd6 25. exd6 Rxd6 26. f3
Nd5 27. Bxd5 exd5 28. Rcb3 Rh7 29. fxe4 dxe4 30. Rh3 Bg4 31. Rxh4 h5 32. Rh1
Rhd7 33. Kf2 f4 34. Rhe1 Rd2+ 35. Kg1 Rd1 36. Rbxd1 Rxd1 37. Rxd1 Bxd1 38.
c3 Kc7 39. Kf2 Bg4 40. g3 e3+ 41. Kg2 f3+ 42. Kf1 f2 {White resigns} 0-1

[Event "ICC tourney 2150 (70 10)"]
[Site "Internet Chess Club"]
[Date "2020.11.22"]
[Round "4"]
[White "zhang01"]
[Black "QueensRule"]
[Result "1/2-1/2"]
[ICCResult "Game drawn by mutual agreement"]
[WhiteElo "1348"]
[BlackElo "1638"]
[Opening "French: Labourdonnais variation"]
[ECO "C00"]
[NIC "FR.01"]
[Time "12:31:50"]
[TimeControl "4200+10"]

1. e4 e6 2. f4 d5 3. e5 c5 4. Nf3 Nc6 5. a3 Nge7 6. c3 d4 7. cxd4 cxd4 8. d3
Nf5 9. g3 Bc5 10. Bd2 Nce7 11. b4 Bb6 12. a4 a6 13. Na3 O-O 14. Nc4 Nd5 15.
Rb1 Nfe3 16. Qb3 Nf5 17. Bg2 {Game drawn by mutual agreement} 1/2-1/2

[Event "ICC tourney 2150 (70 10)"]
[Site "Internet Chess Club"]
[Date "2020.11.22"]
[Round "4"]
[White "Zugzwischen"]
[Black "oregonchessguy"]
[Result "0-1"]
[ICCResult "White resigns"]
[WhiteElo "1695"]
[BlackElo "1860"]
[Opening "QGD: Albin counter-gambit"]
[ECO "D08"]
[NIC "QG.02"]
[Time "12:42:58"]
[TimeControl "4200+10"]

1. d4 d5 2. c4 e5 3. dxe5 d4 4. a3 Nc6 5. e3 dxe3 6. Qxd8+ Kxd8 7. Bxe3 Nxe5
8. Nc3 Be6 9. O-O-O+ Kc8 10. c5 Ne7 11. Bf4 N7g6 12. Bxe5 Nxe5 13. b4 a5 14.
Kb2 Be7 15. Nge2 Nc4+ 16. Kc1 axb4 17. axb4 Bg5+ 18. f4 Ra1+ 19. Nb1 Bf6 20.
Nd4 Rd8 21. Bxc4 Bxc4 22. Nc2 Rxd1+ 23. Rxd1 Ra2 24. Nd2 Bd3 25. Nd4 Ra1+
{White resigns}
0-1

[Event "ICC tourney 2150 (70 10)"]
[Site "Internet Chess Club"]
[Date "2020.11.22"]
[Round "4"]
[White "NL008"]
[Black "queenless"]
[Result "0-1"]
[ICCResult "White resigns"]
[WhiteElo "1474"]
[BlackElo "1615"]
[Opening "Alekhine's defense: exchange variation"]
[ECO "B02"]
[NIC "AL.08"]
[Time "12:31:46"]
[TimeControl "4200+10"]

1. e4 Nf6 2. e5 Nd5 3. c4 Nb6 4. d4 d6 5. exd6 cxd6 6. Nc3 g6 7. Be3 Bg7 8.
Nf3 O-O 9. Be2 Bg4 10. h3 Bxf3 11. Bxf3 Nc6 12. O-O Nxc4 13. d5 Nxe3 14.
fxe3 Ne5 15. Be2 a6 16. Rc1 Rc8 17. Ne4 Rxc1 18. Qxc1 Qa5 19. Nc3 b5 20. a3
Rc8 21. b4 Qb6 22. Na4 Qb7 23. Qd1 bxa4 24. Qxa4 Ra8 25. Rd1 Qb6 26. Qb3 a5
27. Kf2 axb4 28. axb4 Rb8 29. b5 Nd7 30. Qc4 Nc5 31. Rd2 Qa5 32. Ra2 Qb6 33.
Ra3 Bf6 34. g3 Kg7 35. h4 h6 36. Kf3 Rb7 37. Qb4 Ra7 38. Rxa7 Qxa7 39. b6
Qb7 40. e4 Nd7 41. Qb5 Nxb6 42. Qc6 Qa7 43. Qe8 Qa5 44. Qb5 Qxb5 45. Bxb5
Bd4 46. Kf4 e6 47. Bc6 exd5 48. exd5 f5 49. Bb7 Kf6 50. g4 Be5+ 51. Kf3 f4
52. Bc6 g5 53. h5 Nc4 54. Bb5 Ne3 55. Bc6 Bc3 56. Ke4 Nxg4 57. Bd7 Ne5 58.
Bh3 Be1 59. Be6 f3 60. Bh3 f2 61. Ke3 g4 62. Bg2 Kg5 63. Ke2 {White resigns}
0-1

[Event "ICC tourney 2150 (70 10)"]
[Site "Internet Chess Club"]
[Date "2020.11.22"]
[Round "4"]
[White "Jjornelas"]
[Black "goodcrowdchess"]
[Result "0-1"]
[ICCResult "White resigns"]
[WhiteElo "1597"]
[BlackElo "1686"]
[Opening "Réti: King's Indian attack (Barcza system)"]
[ECO "A07"]
[NIC "QP.09"]
[Time "12:32:02"]
[TimeControl "4200+10"]

1. Nf3 d5 2. g3 Nf6 3. Bg2 c6 4. d3 h6 5. O-O Bf5 6. Nbd2 Nbd7 7. Nh4 Bh7 8.
e4 g5 9. Nf5 e6 10. Nd4 Bg7 11. Ne2 O-O 12. f4 Qb6+ 13. Kh1 Ng4 14. Qe1 Ne3
15. fxg5 hxg5 16. exd5 exd5 17. Nf3 Nxf1 18. Qxf1 f6 19. h4 Ne5 20. d4 Nxf3
21. Qxf3 Rae8 {White resigns} 0-1

[Event "ICC tourney 2150 (70 10)"]
[Site "Internet Chess Club"]
[Date "2020.11.22"]
[Round "4"]
[White "cprovince"]
[Black "uzkuzk"]
[Result "1-0"]
[ICCResult "Black resigns"]
[WhiteElo "1901"]
[BlackElo "1797"]
[Opening "Queen's gambit accepted"]
[ECO "D20"]
[NIC "QG.03"]
[Time "12:31:45"]
[TimeControl "4200+10"]

1. d4 d5 2. c4 dxc4 3. e3 e6 4. Bxc4 a6 5. a4 c5 6. Nf3 Nf6 7. Nc3 Nc6 8.
O-O Be7 9. Qe2 cxd4 10. Rd1 e5 11. exd4 exd4 12. Ne5 O-O 13. Bf4 Nxe5 14.
Bxe5 Bg4 15. f3 Bh5 16. Bxd4 Qc7 17. Rac1 Bc5 18. Qf2 Bxd4 19. Rxd4 Rad8 20.
Rcd1 Rxd4 21. Qxd4 Bg6 22. Bb3 h6 23. Qd6 Qxd6 24. Rxd6 Rc8 25. Rb6 Rc7 26.
Nd5 Rc1+ 27. Kf2 Nxd5 28. Bxd5 Rc2+ 29. Kg3 {Black resigns} 1-0

[Event "ICC tourney 2150 (70 10)"]
[Site "Internet Chess Club"]
[Date "2020.11.22"]
[Round "4"]
[White "SpencerNA"]
[Black "pierrehj"]
[Result "0-1"]
[ICCResult "White resigns"]
[WhiteElo "1657"]
[BlackElo "1813"]
[Opening "Sicilian: Grand Prix attack"]
[ECO "B23"]
[NIC "SI.44"]
[Time "12:31:53"]
[TimeControl "4200+10"]

1. e4 c5 2. Nc3 Nc6 3. f4 e6 4. Nf3 Nf6 5. Bb5 a6 6. Bxc6 dxc6 7. d3 b5 8.
e5 Nd5 9. Nxd5 cxd5 10. d4 cxd4 11. Nxd4 Bc5 12. O-O Qb6 13. Be3 Bd7 14. c3
a5 15. Qg4 O-O 16. Kh1 f5 17. exf6 Rxf6 18. Qg3 Raf8 19. Rfe1 Qd6 20. Rad1
Qc7 21. h3 Bd6 22. Bc1 Rg6 23. Qd3 Bxf4 24. Bxf4 Rxf4 25. Nxb5 Qb8 26. Nd4
Qxb2 27. Re2 Qb6 28. Rb1 Qd6 29. Nf3 Rgf6 30. Reb2 h6 31. Rb7 Be8 32. R1b6
Qc5 33. Rb8 Rf8 34. Rxe6 Bh5 35. Rxf8+ Rxf8 36. Ne5 Rc8 37. g4 Be8 38. Qf3
d4 39. Rxe8+ Rxe8 40. Qf7+ Kh7 41. Qg6+ Kg8 42. Qxe8+ Kh7 43. Qg6+ Kg8 44.
Qe6+ Kh7 45. Qf5+ Kg8 46. cxd4 Qxd4 47. Ng6 Qa1+ 48. Kg2 Qxa2+ 49. Kg3 Qb3+
50. Kh4 Qb4 51. Qe6+ Kh7 52. Ne7 Qb8 53. Qc8 Qxc8 54. Nxc8 a4 55. Nb6 a3
{White resigns}
0-1

[Event "ICC tourney 2150 (70 10)"]
[Site "Internet Chess Club"]
[Date "2020.11.22"]
[Round "4"]
[White "sujashankar"]
[Black "pangpangba"]
[Result "1-0"]
[ICCResult "Black resigns"]
[WhiteElo "1761"]
[BlackElo "1644"]
[Opening "Sicilian"]
[ECO "B50"]
[NIC "SI.01"]
[Time "12:31:39"]
[TimeControl "4200+10"]

1. e4 c5 2. Nf3 d6 3. c3 Nf6 4. h3 Nc6 5. Bd3 e6 6. Bc2 d5 7. e5 Nd7 8. d4
Be7 9. O-O b6 10. Bf4 Ba6 11. Bd3 Bxd3 12. Qxd3 h6 13. Nbd2 O-O 14. Rac1 Qe8
15. Rfe1 cxd4 16. cxd4 Rc8 17. a3 Ndb8 18. b4 Qd7 19. Nb3 Rfe8 20. b5 Na5
21. Nxa5 bxa5 22. a4 Bb4 23. Bd2 Qe7 24. Rb1 Rc4 25. Bxb4 axb4 26. Nd2 Rc3
27. Qf1 Rec8 28. Rec1 Qc7 29. Nb3 Nd7 30. Rxc3 bxc3 31. Rc1 c2 32. Nc5 Nxe5
33. Rxc2 Ng6 34. Rc1 Qf4 35. Qd1 Ne7 36. Rc3 Qh4 37. Qd3 Nf5 38. Nb3 Qd8 39.
Qc2 Rxc3 40. Qxc3 Qd7 41. Qc5 Nd6 42. Na5 Nc8 43. Nc6 f6 44. a5 Kh7 45. Nb4
Nd6 46. b6 axb6 47. axb6 Nc8 48. Nc6 Qb7 49. Nd8 Qxb6 50. Qxc8 Qxd4 51. Qxe6
Qc4 52. Qf5+ Kg8 53. Ne6 Qc6 54. Nd4 Qa8 55. Qf4 Kf7 56. g3 g5 57. Qc7+ Kg6
58. Nc6 Qa1+ 59. Kg2 Qa8 60. Ne7+ Kf7 61. Kh2 Ke6 62. Nc6 {Black resigns}
1-0

[Event "ICC tourney 2150 (70 10)"]
[Site "Internet Chess Club"]
[Date "2020.11.22"]
[Round "4"]
[White "QitianDasheng"]
[Black "prabp"]
[Result "0-1"]
[ICCResult "White checkmated"]
[WhiteElo "203"]
[BlackElo "1555"]
[Opening "Sicilian: Smith-Morra gambit"]
[ECO "B21"]
[NIC "SI.47"]
[Time "12:31:42"]
[TimeControl "4200+10"]

1. e4 c5 2. d4 cxd4 3. c3 Nf6 4. e5 Nd5 5. Nf3 e6 6. Nxd4 d6 7. f4 Nd7 8.
Qa4 a6 9. Bd3 dxe5 10. fxe5 Qc7 11. Nf3 Rb8 12. Qe4 b5 13. O-O Bb7 14. Qe2
Bc5+ 15. Kh1 h6 16. Nbd2 Nf4 17. Qe1 Nxd3 18. Qg3 Rh7 19. Nb3 Nxc1 20. Raxc1
g5 21. Rfe1 Qb6 22. Nbd4 Bxf3 23. Qxf3 Bxd4 24. Qd3 Rg7 25. cxd4 Qb7 26. Re3
Rc8 27. Rf1 g4 28. Qd2 Qd5 29. b3 Rg5 30. Rd3 Ke7 31. Qb4+ Ke8 32. Qd2 Rf5
33. Rxf5 exf5 34. Kg1 Qc6 35. Qe2 Qc1+ 36. Rd1 Qc2 37. Rd2 Qe4 38. Qd1 Rc3
39. Re2 Re3 40. Rxe3 Qxe3+ 41. Kf1 Qf4+ 42. Kg1 h5 43. g3 Qe3+ 44. Kf1 Qf3+
45. Qxf3 gxf3 46. Kf2 Ke7 47. Kxf3 Ke6 48. Kf4 Kd5 49. Kxf5 Kxd4 50. Kg5
Nxe5 51. Kxh5 Nd3 52. Kg5 Ke5 53. h4 Ke6 54. h5 Ne5 55. h6 f6+ 56. Kh5 Kf7
57. g4 Nxg4 58. Kxg4 Kg6 59. h7 Kxh7 60. Kf5 Kg7 61. b4 Kf7 62. a3 Ke7 63.
Kf4 Ke6 64. Ke4 f5+ 65. Kf4 Kf6 66. Kf3 Ke5 67. Ke3 f4+ 68. Kf3 Kf5 69. Kf2
Ke4 70. Ke2 f3+ 71. Kf2 Kf4 72. Kf1 Ke3 73. Ke1 f2+ 74. Kf1 Kf3 75. a4 bxa4
76. b5 a3 77. b6 a2 78. b7 a1=R# {White checkmated} 0-1

[Event "ICC tourney 2150 (70 10)"]
[Site "Internet Chess Club"]
[Date "2020.11.22"]
[Round "4"]
[White "Erky"]
[Black "Deng18"]
[Result "0-1"]
[ICCResult "White checkmated"]
[WhiteElo "1671"]
[BlackElo "1845"]
[Opening "QGD: Harrwitz attack"]
[ECO "D35"]
[NIC "QO.16"]
[Time "12:31:42"]
[TimeControl "4200+10"]

1. d4 d5 2. c4 e6 3. Nc3 Nf6 4. Bf4 Nc6 5. Nf3 Be7 6. e3 O-O 7. Be2 Bd7 8.
h3 Na5 9. cxd5 exd5 10. O-O Bf5 11. Rc1 Nc6 12. a3 a6 13. b4 Rc8 14. Na4 Ne4
15. Nc5 Nxc5 16. dxc5 Bf6 17. Nd4 Nxd4 18. exd4 Bg5 19. Qd2 Bxf4 20. Qxf4
Bg6 21. Bg4 f5 22. Bf3 Qd7 23. Rfe1 Rce8 24. Re5 Rxe5 25. dxe5 c6 26. Qd4
Re8 27. Re1 Qf7 28. g3 Re6 29. Bd1 h6 30. Bb3 Qe7 31. f4 Qd8 32. a4 Qe7 33.
b5 axb5 34. axb5 Qd8 35. b6 Qd7 36. Ra1 Re8 37. Ra7 Bf7 38. Kf2 Be6 39. Ke3
Qf7 40. Bd1 Rb8 41. g4 Qg6 42. Qd3 Qf7 43. Kd4 fxg4 44. Qg3 gxh3 45. Bc2 Bf5
46. Bd1 h5 47. Qh4 Bg6 48. Ba4 Qf5 49. Bxc6 Qd3# {White checkmated} 0-1